 Dungeon Sprint DCSS version 0.29-a0-653-gd47aff6735 (webtiles) character file.

Game seed: 9476674107374595691

1278 purpskrrrp the Fighter (level 8, -5/151 HPs)
             Began as an Ogre Berserker on June 22, 2022.
             Was a Priest of Trog.
             Shot with an arrow by a centaur warrior (19 damage)
             ... in the Dungeon (Sprint I: "Red Sonja").
             The game lasted 00:05:07 (1151 turns).

purpskrrrp the Fighter (Ogre Berserker)             Turns: 1151, Time: 00:05:08

Health: -5/151     AC:  3    Str: 24    XL:     8   Next: 54%
Magic:  8/8        EV: 11    Int:  8    God:    Trog [***...]
Gold:   215        SH:  5    Dex:  8    Spells: 7/7 levels left

rFire   . . .      SeeInvis .   j - +0 giant spiked club
rCold   . . .      Faith    .   (shield currently unavailable)
rNeg    . . .      Spirit   .   b - +0 animal skin
rPois   +          Reflect  +   (helmet restricted)
rElec   .          Harm     .   (no cloak)
rCorr   .          Rampage  .   (gloves unavailable)
Will    .....      NoTele   +   (boots unavailable)
Stlth   ..........              m - amulet of reflection
HPRegen 0.35/turn               l - ring of poison resistance
MPRegen 0.11/turn               (no ring)

@: berserking, hasted, invisible, slow
A: large, unfitting armour, tough skin 1
a: Renounce Religion, Berserk, Trog's Hand


You were in the Dungeon.
You worshipped Trog.
Trog was most pleased with you.
You visited 1 branch You collected 405 gold pieces.
You spent 190 gold pieces at shops.

Inventory:

Hand Weapons
 a - a +0 hand axe
 j - a +0 giant spiked club (weapon)
Armour
 b - a +0 animal skin (worn)
Jewellery
 l - a ring of poison resistance (left hand)
 m - an amulet of reflection (around neck)
Wands
 i - a wand of quicksilver (4) (quivered)
Scrolls
 h - a scroll of blinking
Potions
 c - a potion of curing
 d - a potion of heal wounds
 e - a potion of haste
 f - 2 potions of magic
 g - a potion of berserk rage


   Skills:
 + Level 12.8 Fighting
 + Level 10.7(11.7) Axes
 + Level 6.8(9.3) Maces & Flails
 + Level 8.7 Dodging
 + Level 2.4 Stealth


You had 7 spell levels left.
You didn't know any spells.
Your spell library was empty.

Dungeon Overview and Level Annotations

Branches:
Dungeon (1/1)

Altars:
Cheibriados
Dithmenos
Elyvilon
Fedhas
Gozag
Hepliaklqana
Kikubaaqudgha
Makhleb
Nemelex Xobeh
Okawaru
Qazlal
Ru
Sif Muna
Trog
Uskayaw
Vehumet
Wu Jian
Xom
Yredelemnul
Zin
The Shining One
Jiyva
Lugonu

Shops:
D *


Innate Abilities, Weirdness & Mutations

You are too large for most types of armour.
You have tough skin. (AC +1)


Message History

There is an open door here.
You enter the shallow water.
Moving in this stuff is going to be slow. ...and don't expect to remain undetected.
Don't expect to remain undetected while in the water.
Aiming: Quicksilver Bolt
Press: ? - help, Q - select action, (/) - cycle Shift-Dir - straight line, f - centaur warrior
Aim: a centaur warrior (purple smoke, asleep, 100% to hit)
The bolt of dispelling energy hits the centaur warrior!
The centaur warrior is moderately wounded.
The centaur warrior shouts!
Found an ivory wand.
Unknown command.
The centaur warrior wields a +0 shortbow.
The centaur warrior shoots an arrow.
The arrow hits you!!
The centaur warrior shoots an arrow.
The arrow hits you!
Aiming: Quicksilver Bolt
Press: ? - help, Q - select action, (/) - cycle Shift-Dir - straight line, f - centaur warrior, p - centaur warrior
Aim: a centaur warrior (wandering, hasn't noticed you, 79% to hit)
The bolt of dispelling energy hits the centaur warrior!
The centaur warrior is heavily wounded.
The bolt of dispelling energy misses the centaur warrior.
The centaur warrior wields a +0 longbow.
The centaur warrior shoots an arrow.
The arrow hits you!!
The centaur warrior shoots an arrow.
You reflect the arrow off an invisible shield around you!
The arrow hits the centaur warrior!
Aiming: Quicksilver Bolt
Press: ? - help, Q - select action, (/) - cycle Shift-Dir - straight line, f/p - centaur warrior
Aim: a centaur warrior, wielding a +0 longbow (79% to hit)
The bolt of dispelling energy hits the centaur warrior!
The centaur warrior is moderately wounded.
The centaur warrior shoots an arrow.
The arrow hits you!!
* * * LOW HITPOINT WARNING * * *
A red film seems to cover your vision as you go berserk!
You feel yourself moving faster!
You feel mighty!
The centaur warrior shoots an arrow.
The arrow hits you!!
* * * LOW HITPOINT WARNING * * *
The centaur warrior shoots an arrow.
The arrow hits you!!
You die...

#########################
<.#..'..#.)'..#__#..')..#
..)..#..'..#..'..'.)#...#
..#####'#####'#__####...+
..####..#...#.####§/#####
..#__####..##§#≈§§..#
..#_____##'#_§§§@§c§+
⌠⌠#_.∩...'...§#§§§c§#
###_..__##_.#'##+####
#_____###+#.# ####### ###


You could see 2 centaur warriors.

Vanquished Creatures
  2 kobold demonologists (D)
  A slime creature (D)
  Sigmund (D)
  A yak (D)
  A floating eye (D)
  An ogre (D)
  A jelly (D)
  Ijyb (D)
9 creatures vanquished.

Notes
Turn   | Place    | Note
-------+----------+-------------------------------------------
     0 | D        | purpskrrrp the Ogre Berserker began the quest for the Orb.
     0 | D        | Reached XP level 1. HP: 24/24 MP: 1/1
     1 | D        | Noticed Ijyb
     8 | D        | Killed Ijyb
     9 | D        | Reached skill level 5 in Fighting
     9 | D        | Reached XP level 2. HP: 36/36 MP: 2/2
     9 | D        | Reached XP level 3. HP: 44/44 MP: 3/3
   253 | D        | Noticed an ogre
   257 | D        | Killed an ogre
   258 | D        | Reached skill level 7 in Fighting
   258 | D        | Reached skill level 5 in Dodging
   258 | D        | Reached XP level 4. HP: 57/57 MP: 4/4
   258 | D        | Reached XP level 5. HP: 63/63 MP: 5/5
   319 | D        | Noticed Sigmund
   329 | D        | Killed Sigmund
   330 | D        | Reached skill level 9 in Fighting
   330 | D        | Reached skill level 1 in Maces & Flails
   330 | D        | Reached XP level 6. HP: 71/78 MP: 6/6
   463 | D        | Found a burning altar of Makhleb.
   463 | D        | Found a viscous altar of Jiyva.
   463 | D        | Found a shimmering altar of Xom.
   463 | D        | Found a corrupted altar of Lugonu.
   463 | D        | Noticed a slime creature
   470 | D        | Killed a slime creature
   470 | D        | Reached ** piety under Trog
   471 | D        | Reached skill level 11 in Fighting
   471 | D        | Reached skill level 1 in Stealth
   471 | D        | Reached XP level 7. HP: 87/88 MP: 7/7
   581 | D        | Found an ornate altar of the Wu Jian Council.
   581 | D        | Found a shimmering blue altar of Sif Muna.
   583 | D        | Found a radiant altar of Vehumet.
   616 | D        | Found Pounoak's Assorted Antiques.
   616 | D        | Found an ancient bone altar of Kikubaaqudgha.
   616 | D        | Found a hazy altar of Hepliaklqana.
   616 | D        | Found a hide-covered altar of Uskayaw.
   616 | D        | Found a basalt altar of Yredelemnul.
   616 | D        | Found an opulent altar of Gozag.
   616 | D        | Found a snail-covered altar of Cheibriados.
   616 | D        | Found a sacrificial altar of Ru.
   616 | D        | Found a shadowy altar of Dithmenos.
   616 | D        | Noticed a yak
   617 | D        | Found a stormy altar of Qazlal.
   617 | D        | Found a blossoming altar of Fedhas.
   617 | D        | Found a bloodstained altar of Trog.
   617 | D        | Found an iron altar of Okawaru.
   617 | D        | Found a glowing golden altar of the Shining One.
   617 | D        | Found a glowing silver altar of Zin.
   617 | D        | Found a white marble altar of Elyvilon.
   621 | D        | Killed a yak
   622 | D        | Found a sparkling altar of Nemelex Xobeh.
   626 | D        | Bought a silver ring for 95 gold pieces
   626 | D        | Bought a large sapphire amulet for 95 gold pieces
   810 | D        | Noticed a kobold demonologist
   810 | D        | Noticed a kobold demonologist
   814 | D        | Reached skill level 12 in Fighting
   814 | D        | Reached skill level 10 in Axes
   815 | D        | Noticed an orange demon
   820 | D        | Noticed a smoke demon
   822 | D        | Killed a kobold demonologist
   822 | D        | Reached *** piety under Trog
   823 | D        | Reached skill level 5 in Maces & Flails
   823 | D        | Reached XP level 8. HP: 101/101 MP: 8/8
   823 | D        | Killed a kobold demonologist
  1144 | D        | Noticed a centaur warrior
  1144 | D        | Noticed a centaur warrior
  1151 | D        | Shot with an arrow by a centaur warrior

Illustrated notes

Levels and vault maps discovered:
D:        dungeon_sprint_1 [red_sonja_temple_1, red_sonja_temple_small_1]

Skill      XL: |  1  2  3  4  5  6  7  8 |
---------------+-------------------------+-----
Fighting       | 5 7 9 11 12 | 12.8
Axes           | 4 6 8 9 10 | 10.7
Dodging        | 4 5 7 8 |  8.7
Maces & Flails | 1 3 5 6 |  6.8
Stealth        | 1 2 |  2.4

Action                   |  1- 3 |  4- 6 |  7- 9 || total
-------------------------+-------+-------+-------++-------
Melee: Hand axe          |     8 |       |       ||     8
       Giant spiked club |       |    12 |    16 ||    28
Invok: Berserk           |     2 |     2 |     2 ||     6
Evoke: Wand              |       |       |     3 ||     3
  Use: Potion            |       |       |     2 ||     2
 Stab: Sleeping          |       |       |     1 ||     1
Dodge: Dodged            |     2 |     3 |     5 ||    10
Block: Other             |       |       |     3 ||     3
       Reflection        |       |       |     1 ||     1

Table legend: (Time is in decaauts)
 A = Elapsed time spent in this place.
 B = Non-inter-level travel time spent in this place.
 C = Inter-level travel time spent in this place.
 D = Time resting spent in this place.
 E = Time spent auto-exploring this place.
 F = Levels seen in this place.
 G = Mean time per level.
                   A        B        C        D        E       F      G
               +--------+--------+--------+--------+--------+-----+--------+
         Total |   1207 |   1155 |     52 |   1030 |      3 |   1 | 1207.0 |
       Dungeon |   1207 |   1155 |     52 |   1030 |      3 |   1 | 1207.0 |
               +--------+--------+--------+--------+--------+-----+--------+

Top non-repeatable levels by time:
       D: 1207 daAuts
